 Dungeon Crawl Stone Soup version 0.20.1-1-g8b1a95d (webtiles) character file.

25 bobthegiant the Magician (level 2, 0/19 HPs)
             Began as a Demonspawn Wizard on Nov 25, 2017.
             Slain by a worm (3 damage)
             ... on level 2 of the Dungeon.
             The game lasted 00:05:25 (1325 turns).

bobthegiant the Magician (Demonspawn Wizard)        Turns: 1325, Time: 00:05:25

Health: 0/19       AC:  2    Str:  7    XL:     2   Next: 82%
Magic:  1/6        EV: 12    Int: 19    God:
Gold:   52         SH:  0    Dex: 11    Spells: 5/8 levels left

rFire    . . .     SeeInvis .   f - -1 mace (curse)
rCold    . . .     Gourm    .   (no shield)
rNeg     . . .     Faith    .   a - +0 robe
rPois    .         Spirit   .   b - +0 hat
rElec    .         Reflect  .   (no cloak)
rCorr    .         Harm     .   (no gloves)
MR       .....                  (no boots)
Stlth    ++........             (no amulet)
Regen    0.1/turn               (no ring)
MPRegen  0.1/turn               (no ring)

@: very slightly contaminated
A: demonic guardian 1
a: no special abilities


You were on level 2 of the Dungeon.
You were not hungry.

You visited 1 branch of the dungeon, and saw 2 of its levels.

You collected 52 gold pieces.

Inventory:

Hand Weapons
 f - a cursed -1 mace (weapon)
Missiles
 e - 45 stones (quivered)
 l - 9 poisoned needles
Armour
 a - a +0 robe (worn)
 b - a +0 hat (worn)
 h - a +0 leather armour
Jewellery
 m - an uncursed ring of magical power {unknown}
Scrolls
 i - a scroll of teleportation {unknown}
 k - a scroll of recharging {unknown}
 r - a scroll of identify {unknown}
Potions
 g - a potion of agility {unknown}
 j - a potion of lignification {unknown}
 p - a potion of curing {unknown}
 q - a potion of flight {unknown}
Books
 c - a book of Minor Magic

   Spells                             Type                      Level
   a - Magic Dart                     Conjuration                  1
   b - Blink                          Translocation                2
   c - Call Imp                       Summoning                    2
   d - Slow                           Hexes                        2
   e - Conjure Flame                  Conjuration/Fire             3
   f - Mephitic Cloud                 Conjuration/Poison/Air       3
Comestibles
 d - a bread ration
 o - a royal jelly


   Skills:
 - Level 1.7 Dodging
 - Level 1.7 Stealth
 + Level 3.5 Spellcasting
 + Level 2.0 Conjurations
   Level 1.0 Summonings
 + Level 0.8 Translocations


You had 5 spell levels left.
You knew the following spells:

 Your Spells              Type           Power        Failure   Level  Hunger
a - Magic Dart            Conj           ##..         6%          1    None
b - Blink                 Tloc           N/A          16%         2    ##.....


Dungeon Overview and Level Annotations

Branches:
Dungeon (2/15)

Altars:

Annotations:
D:1 exclusions: door and downstairs


Innate Abilities, Weirdness & Mutations

A weak demonic guardian rushes to your aid.


Message History

Aim: a worm (heavily wounded)
The magic dart hits the worm.
The worm is heavily wounded.
The adder barely misses you. The worm bites you.
Casting: Magic Dart
Confirm with . or Enter, or press ? or * to list all spells.
Aiming: Magic Dart
Press: ? - help, Shift-Dir - straight line, f/p - worm
Aim: a worm (heavily wounded)
The magic dart hits the worm.
The worm is heavily wounded.
The adder bites you. The adder closely misses you.
You hit the worm.
The worm is almost dead.
The adder closely misses you. The worm bites you. The adder bites you.
* * * LOW HITPOINT WARNING * * *
You hit the worm but do no damage.
The worm is almost dead.
The adder barely misses you. The worm bites you.
You die...

#.......<..... #.....#..
...#............. #.....#..
................. #...
##.............# #...
..............####. #...
#....#.......#.... #...
#....#............#.##...
..##....#...S⌠...... #.#....
......>...w@.........#.#....
.########.......####.#.#.###
#.....5....####.#.#.###
#.###...........#.#'#.. #
#...................
....#.................
..............)........
.....########..........
..... #.......#'#


You could see a worm, an adder and a friendly white imp.

Vanquished Creatures
  A dart slug (D:1)
  A ball python (D:1)
  A goblin (D:1)
  3 hobgoblins (D:1)
  3 kobolds (D:1)
  2 bats
  2 frilled lizards
  3 rats (D:1)
16 creatures vanquished.

Vanquished Creatures (collateral kills)
  A gnoll (D:2)
  A goblin (D:2)
2 creatures vanquished.

Grand Total: 18 creatures vanquished

Notes
Turn   | Place    | Note
-------+----------+-------------------------------------------
     0 | D:1      | bobthegiant the Demonspawn Wizard began the quest for the Orb.
     0 | D:1      | Reached XP level 1. HP: 13/13 MP: 4/4
   527 | D:1      | Gained mutation: A weak demonic guardian rushes to your aid. [demonic ancestry]
   527 | D:1      | Reached XP level 2. HP: 19/19 MP: 1/6
  1291 | D:2      | Learned a level 2 spell: Blink
  1325 | D:2      | Slain by a worm

Skill      XL: |  1  2 |
---------------+-------+-----
Conjurations   | 2 |  2.0
Dodging        | |  1.7
Stealth        | |  1.7
Spellcasting   | |  3.5
Summonings     | |  1.0
Translocations | |  0.8

Action                   || total
-------------------------++-------
Melee: Mace              ||    22
 Cast: Magic Dart        ||    40
  Eat: Chunk             ||     1
Armor: Robe              ||     4
Dodge: Dodged            ||    22
